 Dungeon Crawl Stone Soup version 0.30-a0-134-gb40fab5c76 (webtiles) character file.

Game seed: 7913652940965557338

646343 jlumianski the Hoplite (level 27, -6/192 HPs)
             Began as a Gargoyle Gladiator on Sept 18, 2022.
             Was the Champion of Qazlal.
             Mangled by a Tzitzimitl (8 damage)
             ... summoned by Ereshkigal
             ... while paralysed by Ereshkigal
             ... on level 7 of Tartarus on Sept 19, 2022.
             The game lasted 07:14:00 (73192 turns).

jlumianski the Hoplite (Gargoyle Gladiator)        Turns: 73192, Time: 07:14:01

Health: -6/192     AC: 45    Str: 29    XL:     27
Magic:  0/34       EV:  2    Int:  9    God:    Qazlal [******]
Gold:   2595       SH:  0    Dex: 18    Spells: 26/26 levels left

rFire   + . .      SeeInvis .    Y - +9 broad axe (vamp)
rCold   . . .      Faith    .    V - +3 buckler {reflect}
rNeg    + + +      Spirit   +    n - +4 moon troll leather armour {Spirit, Regen++ MP+5}
rPois   ∞          Reflect  +    b - +1 helmet of Refuge {+Blink rElec Int-4 Slay+6}
rElec   +          Harm     .    H - +0 cloak "Egyblet" {rF+}
rCorr   +          Rampage  +    h - +2 pair of gloves {infuse}
Will    +....                    g - +2 pair of boots {rampage}
Stlth   +.........               z - amulet "Kyavat" {rN+++ Regen+ MP-9}
HPRegen 2.82/turn                o - +4 ring of slaying
MPRegen 0.24/turn                C - ring "Zuezoll" {Wiz rCorr Str+2 Slay+3}

@: paralysed, protected from physical damage, flying, slowed, studying 2 skills,
silenced, repel missiles, weak-willed
A: sickness immunity, AC +20, big wings, negative energy resistance 1,
electricity resistance, torment resistance 1, petrification resistance, agile 2,
clever 1, sturdy frame 1
}: 4/15 runes: barnacled, slimy, silver, gossamer
a: Renounce Religion, Evoke Blink


You were on level 7 of Tartarus.
You worshipped Qazlal.
Qazlal was exalted by your worship.
You visited 12 branches of the dungeon, and saw 54 of its levels.
You visited the Abyss 5 times.
You visited 1 bazaar.
You also visited: Trove, Ossuary, Gauntlet and Wizlab.

You collected 7513 gold pieces.
You spent 4918 gold pieces at shops.

Inventory:

Hand Weapons
 F - a +5 broad axe of flaming
 Y - a +9 vampiric broad axe (weapon)
Missiles
 m - 7 throwing nets
 u - 35 boomerangs (quivered)
 w - 21 atropa-tipped darts
 D - 7 silver javelins
Armour
 b - the +1 helmet of Refuge (worn) {+Blink rElec Int-4 Slay+6}
   (You bought it in a shop in a bazaar)

   Int:       It affects your intelligence (-4).
   Slay:      It affects your accuracy & damage with ranged weapons and melee
   (+6).
   rElec:     It insulates you from electricity.
   +Blink:    It lets you blink.
 g - a +2 pair of boots of rampaging (worn)
 h - a +2 pair of gloves of infusion (worn)
 n - the +4 moon troll leather armour (worn) {Spirit, Regen++ MP+5}
   (You took it off a deep elf archer on level 3 of the Elven Halls)

   MP:        It affects your magic capacity (+5).
   Regen:     It increases your rate of health regeneration.
 H - the +0 cloak "Egyblet" (worn) {rF+}
   (You found it in a Gauntlet)

   rF:        It protects you from fire.
 V - a +3 buckler of reflection (worn)
Jewellery
 d - the ring "Ysaisil" {*Slow rF+ rN+ Dex+6}
   (You found it on level 7 of Tartarus)

   [ring of dexterity]

   Dex:       It affects your dexterity (+6).
   rF:        It protects you from fire.
   rN:        It protects you from negative energy.
   *Slow:     It may slow you when you take damage.
 o - a +4 ring of slaying (left hand)
 z - the amulet "Kyavat" (around neck) {rN+++ Regen+ MP-9}
   (You took it off a deep elf zephyrmancer on level 12 of the Dungeon)

   [amulet of regeneration]

   rN:        It renders you almost immune to negative energy.
   MP:        It affects your magic capacity (-9).
   Regen:     It increases your rate of health regeneration.
 C - the ring "Zuezoll" (right hand) {Wiz rCorr Str+2 Slay+3}
   (You took it off a deep elf archer on level 3 of the Elven Halls)

   [ring of wizardry]

   It improves your spell success rate.
   Str:       It affects your strength (+2).
   Slay:      It affects your accuracy & damage with ranged weapons and melee
   (+3).
   rCorr:     It protects you from acid and corrosion.
 I - a ring of protection from fire
 K - a ring of protection from cold
 L - a ring of willpower
 Z - the ring "Rowuol" {rC+ SInv}
   (You found it on level 3 of the Elven Halls)

   [ring of see invisible]

   rC:        It protects you from cold.
   SInv:      It lets you see invisible.
Wands
 c - a wand of mindburst (17)
 y - a wand of digging (5)
 M - a wand of light (29)
 O - a wand of roots (19)
Scrolls
 e - 6 scrolls of silence
 l - 4 scrolls of fear
 p - 6 scrolls of magic mapping
 A - 27 scrolls of teleportation
 E - 4 scrolls of blinking
 J - 4 scrolls of summoning
 N - 13 scrolls of fog
Potions
 a - 12 potions of heal wounds
 f - 2 potions of cancellation
 i - 29 potions of curing
 k - 8 potions of berserk rage
 q - 11 potions of haste
 t - 11 potions of might
 v - 4 potions of resistance
 W - 2 potions of invisibility
Miscellaneous
 j - the horn of Geryon (inert)
 G - a phantom mirror (inert)
 R - a tin of tremorstones (inert)
 S - a condenser vane (inert)


   Skills:
 + Level 24.5 Fighting
 - Level 16.1(18.0) Axes
 - Level 14.4(17.9) Maces & Flails
 + Level 4.7 Throwing
 + Level 13.4 Armour
 + Level 12.3 Dodging
 - Level 6.1 Stealth
 + Level 24.8 Shields
 * Level 23.2 Invocations
 * Level 20.0 Evocations


You had 26 spell levels left.
You didn't know any spells.
Your spell library contained the following spells:

 Spells                   Type           Power      Damage    Failure   Level
 Apportation              Tloc           0%         N/A       16%         1
 Beastly Appendage        Tmut           0%         N/A       16%         1
 Foxfire                  Conj/Fire      0%         2x1d4     16%         1
 Freeze                   Ice            0%         1d3       16%         1
 Magic Dart               Conj           0%         1d3       16%         1
 Necrotise                Necr           0%         1d4       16%         1
 Sandblast                Erth           0%         2d4       16%         1
 Shock                    Conj/Air       0%         1d3       16%         1
 Sting                    Tmut/Pois      0%         1d3       16%         1
 Summon Small Mammal      Summ           0%         N/A       16%         1
 Blink                    Tloc           0%         N/A       26%         2
 Ensorcelled Hibernation  Hex/Ice        0%         N/A       26%         2
 Passwall                 Tmut/Erth      0%         N/A       26%         2
 Poisonous Vapours        Pois/Air       0%         N/A       26%         2
 Scorch                   Fire           0%         2d5       26%         2
 Searing Ray              Conj           0%         2d4       26%         2
 Static Discharge         Conj/Air       0%         2-2/arc   26%         2
 Wereblood                Tmut           0%         N/A       26%         2
 Call Canine Familiar     Summ           0%         N/A       43%         3
 Confusing Touch          Hex            0%         N/A       43%         3
 Dazzling Flash           Conj/Hex       0%         N/A       43%         3
 Frozen Ramparts          Ice            0%         1d1       43%         3
 Gell's Gravitas          Tloc           0%         N/A       43%         3
 Ignite Poison            Fire/Tmut/Pois 0%         N/A       43%         3
 Inner Flame              Hex/Fire       0%         N/A       43%         3
 Kindle Blastsparks       Fire/Tloc/Air  0%         2d10      43%         3
 Lesser Beckoning         Tloc           0%         N/A       43%         3
 Mephitic Cloud           Conj/Pois/Air  0%         N/A       43%         3
 Portal Projectile        Hex/Tloc       0%         N/A       43%         3
 Spider Form              Tmut/Pois      0%         N/A       43%         3
 Stone Arrow              Conj/Erth      0%         3d7       43%         3
 Summon Guardian Golem    Hex/Summ       0%         N/A       43%         3
 Teleport Other           Tloc           0%         N/A       43%         3
 Tukima's Dance           Hex            0%         N/A       43%         3
 Airstrike                Air            0%         2d(0-16)  82%         4
 Anguish                  Hex/Necr       0%         N/A       82%         4
 Animate Armour           Summ/Erth      0%         N/A       82%         4
 Animate Dead             Necr           0%         N/A       82%         4
 Flame Wave               Conj/Fire      0%         2d4       82%         4
 Fulminant Prism          Conj/Hex       0%         3d6       82%         4
 Hailstorm                Conj/Ice       0%         3d3       82%         4
 Ice Form                 Ice/Tmut       0%         N/A       82%         4
 Iskenderun's Mystic Bla  Conj/Tloc      0%         2d3       82%         4
 Leda's Liquefaction      Hex/Erth       0%         N/A       82%         4
 Manifold Assault         Tloc           0%         N/A       82%         4
 Olgreb's Toxic Radiance  Pois           0%         N/A       82%         4
 Passage of Golubria      Tloc           0%         N/A       82%         4
 Petrify                  Tmut/Erth      0%         N/A       82%         4
 Sticky Flame             Conj/Fire      0%         2d3       82%         4
 Summon Ice Beast         Ice/Summ       0%         N/A       82%         4
 Summon Lightning Spire   Summ/Air       0%         N/A       82%         4
 Alistair's Intoxication  Tmut/Pois      0%         N/A       98%         5
 Arcjolt                  Conj/Air       0%         1d10      98%         5
 Blade Hands              Tmut           0%         N/A       98%         5
 Borgnjor's Vile Clutch   Necr/Erth      0%         N/A       98%         5
 Irradiate                Conj/Tmut      0%         3d11      98%         5
 Lee's Rapid Deconstruct  Erth           0%         3d5*      98%         5
 Lightning Bolt           Conj/Air       0%         1d11      98%         5
 Metabolic Englaciation   Hex/Ice        0%         N/A       98%         5
 Summon Forest            Summ/Tloc      0%         N/A       98%         5
 Summon Mana Viper        Hex/Summ       0%         N/A       98%         5
 Yara's Violent Unravell  Hex/Tmut       0%         3d3       98%         5
 Conjure Ball Lightning   Conj/Air       0%         3x3d6     100%        6
 Death Channel            Necr           0%         N/A       100%        6
 Dispersal                Tloc           0%         N/A       100%        6
 Eringya's Noxious Bog    Tmut/Pois      0%         N/A       100%        6
 Starburst                Conj/Fire      0%         6d3       100%        6
 Summon Cactus Giant      Summ           0%         N/A       100%        6
 Dragon Form              Tmut           0%         N/A       100%        7
 Enfeeble                 Hex            0%         N/A       100%        7
 Haunt                    Necr/Summ      0%         N/A       100%        7
 Malign Gateway           Summ/Tloc      0%         N/A       100%        7
 Monstrous Menagerie      Summ           0%         N/A       100%        7
 Orb of Destruction       Conj           0%         9d5       100%        7
 Ozocubu's Refrigeration  Ice            0%         4d7       100%        7
 Spellforged Servitor     Conj/Summ      0%         N/A       100%        7
 Storm Form               Tmut/Air       0%         N/A       100%        7
 Summon Hydra             Summ           0%         N/A       100%        7
 Discord                  Hex            0%         N/A       100%        8
 Disjunction              Tloc           0%         N/A       100%        8
 Ignition                 Fire           0%         3d3       100%        8
 Infestation              Necr           0%         N/A       100%        8
 Lehudib's Crystal Spear  Conj/Erth      0%         10d2      100%        8
 Maxwell's Capacitive Co  Air            0%         ∞         100%        8
 Summon Horrible Things   Summ           0%         N/A       100%        8
 Fire Storm               Conj/Fire      0%         5d1       100%        9
 Sublimation of Blood     Necr           Unusable   N/A       N/A         2
 Statue Form              Tmut/Erth      Unusable   N/A       N/A         6

Dungeon Overview and Level Annotations

Branches:
Dungeon (15/15)            Temple (1/1) D:5            Lair (5/5) D:10
 Shoals (4/4) Lair:3       Spider (4/4) Lair:3        Slime (5/5) Lair:5
    Orc (2/2) D:9             Elf (3/3) Orc:2        Vaults (5/5) D:14
  Crypt (0/3) Vaults:2     Depths (4/4) D:15           Hell (visited)
    Dis (0/7) Hell            Geh (0/7) Hell            Coc (0/7) Hell
    Tar (7/7) Hell            Zot (0/5) Depths:4    Ossuary (visited)
 WizLab (visited)         Gauntlet (visited)

Altars:
Ashenzari
Dithmenos
Elyvilon
Gozag
Hepliaklqana
Qazlal
Sif Muna
Vehumet
Wu Jian
Xom
Yredelemnul
Zin
The Shining One
Jiyva
Lugonu

Shops:
D:9 (   D:10 ?   D:12 [   Orc:2 [(=*   Elf:2 *=:   Vaults:1 (*   Vaults:2 ?
Depths:3 *   Depths:4 ?

Portals:
Hell: Depths:1 Depths:2 Depths:3 Depths:4
Abyss: Lair:4 Depths:2 Depths:3
Pandemonium: Depths:2 Depths:3
Ziggurat: Depths:4

Annotations:
Tar:7 Ereshkigal, Serpent of Hell


Innate Abilities, Weirdness & Mutations

You are immune to sickness and miasma.
Your stone body is resilient. (AC +20)
You are immune to poison.
Your large and strong wings let you fly.
You resist negative energy. (rN+)
You are resistant to electric shocks. (rElec)
You are resistant to unholy torment.
You are immune to petrification.
You are very agile. (Dex +8, Str/Int -2)
Your mind is acute. (Int +4, Str/Dex -1)
Your movements are slightly less encumbered by armour. (ER -2)


Message History

You shrug off the repeated paralysis!
The Serpent of Hell bites you but does no damage. x2
The Serpent of Hell bites you!
* * * LOW HITPOINT WARNING * * *
The Serpent of Hell claws you but does no damage.
The Serpent of Hell tramples you but does no damage.
The bone dragon bites you.
* * * LOW HITPOINT WARNING * * *
The bone dragon barely misses you. The bone dragon tramples you.
* * * LOW HITPOINT WARNING * * *
You hold your ground!
The putrid mouth bites you but does no damage.
The putrid mouth claws you but does no damage.
The Tzitzimitl calls on the powers of darkness!
Your body is wracked with pain!
* * * LOW HITPOINT WARNING * * *
The bone dragon bites you but does no damage.
The bone dragon claws you but does no damage.
The bone dragon tramples you but does no damage.
Ereshkigal hits you but does no damage.
The Serpent of Hell bites you but does no damage.
The Serpent of Hell bites you!
* * * LOW HITPOINT WARNING * * *
The Serpent of Hell bites you but does no damage.
The Serpent of Hell claws you but does no damage.
The Serpent of Hell tramples you but does no damage.
The bone dragon bites you but does no damage.
The bone dragon claws you but does no damage.
The bone dragon tramples you but does no damage.
The Tzitzimitl engulfs you!
* * * LOW HITPOINT WARNING * * *
The Tzitzimitl bites you but does no damage.
The putrid mouth bites you but does no damage.
The putrid mouth claws you but does no damage.
Ereshkigal hits you but does no damage. The Tzitzimitl engulfs you.
* * * LOW HITPOINT WARNING * * *
The Tzitzimitl drains your vigour!
You feel as though you will be slow longer.
The Tzitzimitl bites you!
You die...

.###.#'#...##........#*,,,*+*,***
.#...#.##.#####''''###**,**,*,,,*
.#○#.#..)(#,#........#,*,,,,*,*,*
##○#.#..((#,#........#,*,,,,*,*,*
.C.#.#...(#,#........#,*,,,,*,*,,
#°##.#....#,##...§§§##,*,,,,*,**,
..#..#.#.##,,#.§1§§§#,,**,*,*,,*,
.##.##.#.#,,,##DDD§##,,,*,*,**,**
#*,.*..#.#,,,,##@1##,,,,*,*,,*,,*
*,,*#.##.#....§W1&§.....*,**,**,,
,,**..*..#....§§.§§.....*,,*,,**,
***..#*..##............#*,,**,,**
*,,.#*,...#............#,,,,**,,,
,,***,,**+##..........##+**,,***,
***,,,**,,*'#........#'#,,**,,,**
,,,,***,,,#=##########=#,,,***,,,
,****,,,,,*,,,,,,,,,,,,*,,,,,****


You could see Ereshkigal (silencing, unsilenced), the Serpent of Hell
(unsilenced), 2 bone dragons, 3 Tzitzimimeh and a putrid mouth.

Vanquished Creatures
  the Royal Jelly (Slime:5)
  4 dread liches
  2 ancient liches
  Mennas (Vaults:3)
  Bai Suzhen (Depths:1)
  2 golden dragons
  Geryon (Hell)
  14 profane servitors
  9 bone dragons
  3 doom hounds
  13 Tzitzimimeh
  A spectral shard shrike (Tar:3)
  2 tentacled monstrosities (Vaults:5)
  A Hell Sentinel (Abyss:4)
  16 tainted leviathans
  Asterion (Depths:1)
  3 titans (Vaults:5)
  3 deep elf blademasters (Elf:3)
  A deep elf master archer (Elf:3)
  Murray (Depths:1)
  2 ancient champions (Hell)
  A kraken (Shoals:3)
  A quicksilver dragon (Depths:3)
  5 liches
  The ghost of Kusoirgh the Bludgeoner, an adept MiBe of Trog (Spider:2)
  19 acid blobs
  An Executioner (Abyss:3)
  3 tentacled starspawn
  A draconian monk (Depths:4)
  8 sphinxes
  5 storm dragons
  Donald (Spider:2)
  7 shadow dragons
  5 tengu reavers
  Roxanne (Spider:4)
  13 rockslimes
  8 frost giants
  10 fire giants
  4 iron dragons
  6 emperor scorpions
  13 vault wardens
  Aizul (Depths:2)
  9 azure jellies
  An orc warlord (Vaults:4)
  2 spectral juggernauts
  Louise (D:15)
  8 deep elf sorcerers
  A spectral caustic shrike (Tar:1)
  A draconian stormcaller (Depths:4)
  4 balrugs
  A quicksilver ooze (shapeshifter) (Vaults:4)
  3 spriggan defenders
  26 very ugly things
  4 war gargoyles
  21 stone giants
  10 quicksilver oozes
  8 deep elf elementalists
  7 reapers
  9 ironbound preservers
  16 ironbound thunderhulks
  3 demonspawn corrupters (WizLab)
  A green draconian (Depths:4)
  A black draconian (Depths:4)
  An ophan (Abyss:3)
  A broodmother (Spider:1)
  8 deep elf demonologists
  31 putrid mouths
  3 vampire knights
  2 yellow draconians (Depths:4)
  A lorocyproca (Abyss:3)
  10 deep elf annihilators
  9 dire elephants
  21 spark wasps
  A spectral titan (Tar:1)
  A white draconian (Depths:4)
  2 minotaurs
  7 entropy weavers
  A red draconian (Depths:4)
  A purple draconian (Depths:4)
  2 blizzard demons (Hell)
  3 eidola (Tar:1)
  A spectral kraken (Tar:7)
  A crystal guardian (Vaults:4)
  A merfolk javelineer (WizLab)
  3 deep elf death magi
  11 ettins
  2 jiangshi (Depths:1)
  A green death (Depths:1)
  A spectral elf (Tar:2)
  10 fire dragons
  5 merfolk impalers
  8 deep elf high priests
  6 ice dragons
  12 great orbs of eyes
  7 yaktaur captains
  A fenstrider witch zombie (Hell)
  3 hydras
  2 rakshasas
  32 vault guards
  A radroach (Spider:1)
  2 peacekeepers
  4 spriggan air magi
  A caustic shrike simulacrum (Hell)
  4 merfolk avatars
  5 ironbound frosthearts
  A jorogumo (Spider:3)
  3 ogre magi
  3 merfolk aquamancers
  21 centaur warriors
  Erica (Lair:2)
  A spriggan skeleton (Abyss:3)
  8 two-headed ogres
  24 dancing weapons
  8 deep troll shamans
  An alligator snapping turtle (Shoals:2)
  3 death yaks (Lair:4)
  A death scarab (Spider:2)
  13 boulder beetles
  6 deep troll earth magi
  4 hell hogs (Hell)
  A spectral stone giant (Tar:3)
  7 tengu warriors
  15 satyrs
  A spectral dire elephant (Tar:6)
  A thrashing horror (Abyss:3)
  2 vampire magi
  A titan zombie (Hell)
  2 spriggans (Depths:1)
  3 spectral nagas
  15 soul eaters
  4 spriggan berserkers
  25 deep elf knights
  An orc high priest (Elf:3)
  16 sun demons
  18 hell knights
  2 storm dragon zombies
  10 iron trolls
  5 wretched stars
  A fire crab (Lair:3)
  2 sixfirhies (Abyss:3)
  A fire crab (shapeshifter) (Vaults:5)
  A salamander mystic (Depths:2)
  2 shadow wraiths (Abyss:3)
  5 skeletal warriors
  2 spectral anacondas
  3 sun moths
  10 pharaoh ants
  A spatial maelstrom (Abyss:3)
  8 sea snakes
  An iron troll (shapeshifter) (WizLab)
  A sea snake (shapeshifter) (Vaults:4)
  45 deep trolls
  3 flayed ghosts
  6 glowing orange brains
  2 shadow demons
  10 steelbarb worms
  5 orb spiders
  A spectral iron dragon (Tar:2)
  A spriggan simulacrum (Hell)
  A bunyip skeleton (Hell)
  5 phantasmal warriors
  2 golden dragon skeletons (Depths:2)
  10 wizards
  16 lindwurms
  21 ironbound convokers
  Pikel (D:7)
  7 orc knights
  10 necromancers
  17 deep elf archers
  An iron dragon zombie (Depths:2)
  36 deep elf zephyrmancers
  A tengu zombie (Depths:2)
  9 fauns
  33 deep elf pyromancers
  24 wolf spiders
  16 cyclopes
  A tengu skeleton (Depths:2)
  12 harpies
  5 orc sorcerers
  53 ugly things
  20 manticores
  14 worldbinders
  3 salamanders
  2 shining eyes
  Maurice (D:10)
  8 merfolk sirens
  A naga zombie (Hell)
  An oklob plant (Lair:1)
  8 rust devils
  An apocalypse crab (Abyss:3)
  3 spectral centaurs
  6 elephants
  8 torpor snails
  A black mamba (shapeshifter) (Vaults:4)
  3 black mambas
  24 vault sentinels
  A dire elephant skeleton (Hell)
  21 cane toads
  9 smoke demons
  4 water nymphs
  7 spectral swamp worms (Tar:7)
  3 gargoyles
  2 orange demons (Abyss:3)
  5 rime drakes
  3 unseen horrors
  4 hellions
  A naga skeleton (Hell)
  28 yaktaurs
  An efreet (Abyss:3)
  7 kobold demonologists
  11 demonic crawlers
  6 tormentors
  3 freezing wraiths (Hell)
  17 komodo dragons
  3 ice devils
  A spark wasp simulacrum (Depths:2)
  10 tengu conjurers
  4 spectral harpies
  3 ancient zymes
  6 hellwings
  2 red devils (Hell)
  A silent spectre (Tar:1)
  19 merfolk
  A troll (shapeshifter) (Elf:2)
  2 polar bears
  3 tyrant leeches (Lair:5)
  3 wind drakes (Shoals:2)
  8 meliai
  17 trolls
  35 blink frogs
  A hydra skeleton (Abyss:4)
  3 hornets
  99 slime creatures
  15 dream sheep
  26 tarantellas
  A snapping turtle (shapeshifter) (Vaults:5)
  Grinder (D:6)
  7 raiju
  7 snapping turtles
  A jumping spider (shapeshifter) (Elf:1)
  A culicivora (shapeshifter) (Elf:2)
  27 jumping spiders
  Sigmund (D:2)
  4 shadows
  A vampire (D:12)
  6 air elementals
  2 flying skulls (Abyss:3)
  A spectral black mamba (Tar:2)
  2 ynoxinuls (Abyss:3)
  3 wyverns
  14 culicivoras
  3 wraiths
  33 yaks
  A black mamba skeleton (Hell)
  Eustachio (D:5)
  6 basilisks
  17 golden eyes
  A human (D:14)
  5 chaos spawn
  20 large abominations
  15 water elementals
  9 neqoxecs
  48 redbacks
  10 wargs
  Menkaure (D:5)
  A harpy simulacrum (Hell)
  5 vampire mosquitoes
  An acid dragon (D:13)
  12 water moccasins
  A floating eye (shapeshifter) (Abyss:3)
  15 hell hounds
  18 small abominations
  29 orc warriors
  2 floating eyes
  4 sky beasts
  2 glowing shapeshifter skeletons (Depths:2)
  A black bear (D:5)
  15 ogres
  5 wolves
  4 centaurs
  7 kobold brigands
  15 bullfrogs
  6 gnoll sergeants (D:12)
  11 scorpions
  3 elf skeletons (D:7)
  5 earth elementals
  15 wights
  7 howler monkeys
  2 electric eels (Lair:5)
  4 starcursed masses (Abyss:3)
  3 human zombies
  2 lava snakes (Lair:2)
  A quasit (Abyss:3)
  2 centaur zombies (Ossuary)
  3 hounds
  17 orc priests
  2 iron imps (Abyss:3)
  2 jellies (Lair:4)
  7 iguanas
  Terence (D:2)
  8 scorpion zombies (Ossuary)
  28 orc wizards
  12 hell rats
  3 mummies (Ossuary)
  13 adders
  10 gnolls
  2 white imps
  5 ufetubi
  3 worms
  4 dart slugs
  86 orcs
  2 bats
  6 endoplasms
  4 giant cockroaches
  3 gnoll zombies (Ossuary)
  6 goblins
  11 hobgoblins
  10 jackals
  A quokka (D:4)
  12 ball pythons
  3 frilled lizards
  2 goblin zombies (Ossuary)
  36 kobolds
  An orc skeleton (D:7)
  2 orc zombies
  9 rats
  6 bushes (Lair:1)
  A butterfly (D:15)
  2 fire vortices (Hell)
  A lurking horror (Abyss:3)
  2 starspawn tentacles
  5 tentacles
2458 creatures vanquished.

Vanquished Creatures (collateral kills)
  A profane servitor (Tar:7)
  2 bone dragons
  A Tzitzimitl (Tar:6)
  A tainted leviathan (Tar:2)
  2 tentacled starspawn (Abyss:3)
  A tengu reaver (Vaults:1)
  A deep elf sorcerer (WizLab)
  A quicksilver ooze (Slime:5)
  2 ironbound preservers (Vaults:4)
  An entropy weaver (Spider:3)
  An ettin (Orc:1)
  A blizzard demon (Gauntlet)
  A spectral kraken (Tar:7)
  An ice dragon (D:14)
  A radroach (Spider:3)
  A spriggan berserker (Depths:4)
  Sonja (Lair:1)
  2 spriggans (Depths:4)
  Urug (Lair:1)
  A deep troll (Vaults:4)
  An orb spider (Spider:3)
  A deep elf archer (Elf:2)
  An orc knight (Vaults:5)
  2 harpies
  A deep elf zephyrmancer (WizLab)
  An ironbound convoker (Vaults:1)
  A wizard (WizLab)
  An ugly thing (Depths:4)
  A wolf spider (Spider:3)
  A faun (Shoals:4)
  A cyclops (D:14)
  A worldbinder (Abyss:3)
  A water nymph (Shoals:4)
  A torpor snail (Spider:3)
  A hellion (Tar:2)
  2 kobold demonologists
  2 spectral swamp worms (Tar:7)
  A guardian mummy (D:11)
  2 freezing wraiths (D:14)
  A tormentor (Tar:1)
  An efreet (Abyss:3)
  A wind drake (Shoals:4)
  2 merfolk
  2 hornets (Depths:4)
  A tarantella (Spider:3)
  A culicivora (Spider:3)
  2 flying skulls (Abyss:3)
  A vampire (Abyss:3)
  A redback (Spider:3)
  A golden eye (Abyss:3)
  A chaos spawn (Abyss:3)
  An orc warrior (D:12)
  A gnoll sergeant (D:12)
  An ufetubus (Abyss:3)
  An orc (Orc:1)
  A tentacle (Tar:7)
67 creatures vanquished.

Vanquished Creatures (others)
  A lich (Vaults:5)
  A frost giant (Vaults:5)
  A very ugly thing (Abyss:3)
  A deep elf annihilator (Elf:3)
  A deep elf high priest (Vaults:5)
  A centaur warrior (Vaults:2)
  A deep troll (Vaults:5)
  A wizard (D:15)
  3 deep elf pyromancers
  A phantasmal warrior (Vaults:5)
  A harpy (Vaults:5)
  A meliai (Spider:4)
  An orc warrior (Vaults:5)
  An ogre (Vaults:5)
  A jelly (Abyss:3)
  2 orcs
  A bush (D:15)
  A fire vortex (Hell)
  46 fungi
  3 lurking horrors
  124 plants
  10 starspawn tentacles
  9 tentacles
213 creatures vanquished.

Grand Total: 2738 creatures vanquished

Notes
Turn   | Place    | Note
-------+----------+-------------------------------------------
     0 | D:1      | jlumianski the Gargoyle Gladiator began the quest for the
                  | Orb.
     0 | D:1      | Reached XP level 1. HP: 12/12 MP: 1/1
   142 | D:1      | Reached XP level 2. HP: 17/18 MP: 2/2
   316 | D:2      | Reached XP level 3. HP: 17/22 MP: 3/3
  1127 | D:2      | Noticed Sigmund
  1342 | D:3      | Found a shadowy altar of Dithmenos.
  1344 | D:3      | Found a glowing golden altar of the Shining One.
  1349 | D:3      | Found a shimmering blue altar of Sif Muna.
  1393 | D:2      | Reached XP level 4. HP: 12/27 MP: 4/4
  1600 | D:2      | Reached skill level 1 in Armour
  1625 | D:2      | Found a broken altar of Ashenzari.
  1634 | D:2      | Killed Sigmund
  1635 | D:2      | Reached XP level 5. HP: 11/32 MP: 5/5
  1635 | D:2      | Reached XP level 6. HP: 12/37 MP: 6/6
  2038 | D:2      | Noticed Terence
  2050 | D:2      | Killed Terence
  2729 | D:3      | Reached skill level 5 in Axes
  2832 | D:3      | Found a glowing silver altar of Zin.
  3364 | D:5      | Entered Level 5 of the Dungeon
  3369 | D:5      | Noticed a black bear
  3732 | D:4      | Reached XP level 7. HP: 22/41 MP: 7/7
  4141 | D:5      | Noticed Menkaure
  4363 | D:5      | Killed Menkaure
  5064 | D:6      | Identified the +4 morningstar of Moderation {vorpal, Will+}
  5115 | D:5      | Found a staircase to the Ecumenical Temple.
  5125 | Temple   | Entered the Ecumenical Temple
  5153 | Temple   | Became a worshipper of Qazlal Stormbringer
  5295 | D:4      | Reached XP level 8. HP: 46/48 MP: 8/8
  5313 | D:4      | Reached skill level 1 in Maces & Flails
  5548 | D:5      | Reached skill level 1 in Invocations
  6153 | D:5      | Noticed Eustachio
  6443 | D:5      | Killed Eustachio
  6444 | D:5      | Reached skill level 5 in Armour
  6444 | D:5      | Reached skill level 1 in Stealth
  6444 | D:5      | Reached skill level 1 in Evocations
  6575 | D:6      | Reached * piety under Qazlal
  7017 | D:6      | Reached XP level 9. HP: 52/52 MP: 11/11
  7170 | D:7      | Found a sand-covered staircase.
  7178 | D:7      | Reached skill level 5 in Maces & Flails
  7181 | Ossuary  | Entered an ossuary
  7339 | Ossuary  | Reached ** piety under Qazlal
  7481 | Ossuary  | Identified a scroll of acquirement
  7481 | Ossuary  | Acquired a +2 demon whip of venom
  7800 | D:6      | You fall into a shaft and drop 3 floors!
  7892 | D:9      | Reached *** piety under Qazlal
  7897 | D:9      | Reached XP level 10. HP: 32/58 MP: 13/13
  8125 | D:9      | Reached skill level 5 in Fighting
  8963 | D:8      | Reached skill level 1 in Shields
  9538 | D:8      | Reached **** piety under Qazlal
  9868 | D:9      | Found a staircase to the Orcish Mines.
  9928 | D:7      | Noticed Pikel
  9976 | D:6      | Noticed Grinder
  9986 | D:6      | Killed Grinder
 10351 | D:6      | Reached skill level 5 in Invocations
 10429 | D:6      | Reached skill level 10 in Maces & Flails
 10900 | D:7      | Reached XP level 11. HP: 59/64 MP: 14/14
 11218 | D:7      | Killed Pikel
 11912 | D:9      | Reached ***** piety under Qazlal
 11936 | D:9      | Found Zazxege's Antique Weapon Shoppe.
 11985 | D:8      | Found an opulent altar of Gozag.
 11985 | D:8      | Found an ornate altar of the Wu Jian Council.
 12154 | D:10     | Entered Level 10 of the Dungeon
 12214 | D:10     | Found a staircase to the Lair.
 12565 | D:10     | Found Hawub's Magic Scroll Shoppe.
 12568 | D:10     | Bought a scroll of brand weapon for 114 gold pieces
 12568 | D:10     | Bought a scroll of silence for 114 gold pieces
 12568 | D:10     | Bought a scroll of identify for 24 gold pieces
 12568 | D:10     | Bought a scroll of identify for 24 gold pieces
 13420 | D:10     | Noticed Maurice
 13465 | D:10     | Killed Maurice
 14119 | D:10     | Found a transporter.
 14310 | D:12     | Reached skill level 5 in Evocations
 14397 | D:12     | Found Nuesiso's Armour Emporium.
 14436 | D:12     | Noticed a two-headed ogre
 14779 | D:12     | Killed a two-headed ogre
 14784 | D:12     | Found a gate leading to a gauntlet.
 14799 | Gauntlet | Entered a Gauntlet
 14799 | Gauntlet | Found a transporter.
 14800 | Gauntlet | Noticed a death yak
 14801 | Gauntlet | Noticed a death yak
 14804 | Gauntlet | Noticed a death yak
 14805 | Gauntlet | Noticed a death yak
 14809 | Gauntlet | Noticed a death yak
 14810 | Gauntlet | Noticed a death yak
 14868 | Gauntlet | Found a transporter.
 14870 | Gauntlet | Noticed a fire crab
 14875 | Gauntlet | Found a transporter.
 14878 | Gauntlet | Found a transporter.
 14882 | Gauntlet | Noticed a reaper
 14886 | Gauntlet | Found a transporter.
 14886 | Gauntlet | Found a transporter.
 14888 | Gauntlet | Noticed an orange crystal statue
 14889 | Gauntlet | Found a transporter.
 14890 | Gauntlet | Found a transporter.
 14900 | Gauntlet | Found a runed translucent door.
 14971 | Gauntlet | Found a runed translucent door.
 14971 | Gauntlet | Noticed a blizzard demon
 14972 | Gauntlet | Found a transporter.
 14974 | Gauntlet | Found a transporter.
 14978 | Gauntlet | Found a transporter.
 14988 | Gauntlet | Found a transporter.
 15022 | Gauntlet | Found a runed translucent door.
 15095 | Gauntlet | Killed a blizzard demon
 15100 | Gauntlet | Identified the ring of the Salamander {rPois rN+ Stlth+}
 15102 | Gauntlet | Identified the +1 leather armour of the Forgotten Moons
                  | {rElec}
 15135 | Gauntlet | Identified the +0 cloak "Egyblet" {rF+}
 15267 | Gauntlet | Noticed a minotaur
 15281 | Gauntlet | Killed a minotaur
 15282 | Gauntlet | Reached XP level 12. HP: 72/72 MP: 10/16
 15302 | Gauntlet | Identified the amulet "Dezog" {Reflect SH+5 Stlth+}
 15302 | Gauntlet | Identified the +9 plate armour of the Pink Corner {Int+4}
 15472 | D:11     | Found a portal to a secret trove of treasure.
 16985 | D:12     | Noticed a tengu warrior
 17028 | D:11     | Upgraded the game from 0.30-a0-125-g51eefa89be to
                  | 0.30-a0-134-gb40fab5c76
 17059 | D:11     | Killed a tengu warrior
 17115 | Lair:1   | Entered Level 1 of the Lair of Beasts
 17235 | Orc:1    | Entered Level 1 of the Orcish Mines
 17711 | Orc:2    | Entered Level 2 of the Orcish Mines
 17711 | Orc:2    | Noticed a stone giant
 17711 | Orc:2    | Found Xoxeomoru's General Store.
 18168 | Orc:2    | Noticed an ettin
 18209 | Orc:1    | Killed a stone giant
 18210 | Orc:1    | Reached XP level 13. HP: 69/78 MP: 14/18
 18283 | Orc:1    | Paralysed by an orc sorcerer for 2 turns
 18582 | Orc:1    | Killed an ettin
 18955 | Orc:2    | Found Ycoogaez's Jewellery Shoppe.
 19492 | Orc:2    | Noticed an ettin
 19507 | Orc:1    | Killed an ettin
 19508 | Orc:1    | Reached skill level 5 in Shields
 19587 | Orc:2    | Paralysed by an orc sorcerer for 3 turns
 19749 | Orc:2    | Bought a +6 ring of strength for 396 gold pieces
 19750 | Orc:2    | Bought a +6 ring of strength for 396 gold pieces
 19755 | Orc:2    | Found Etrushrio's Antique Armour Boutique.
 19759 | Orc:2    | Noticed an ettin
 19806 | Orc:1    | Killed an ettin
 20147 | Orc:2    | Found Paejena's Antique Weapon Shop.
 20160 | Orc:2    | Bought a bone broad axe for 261 gold pieces
 20160 | Orc:2    | Identified the +6 broad axe of Liobraorgh {drain, rElec}
                  | (You bought it in a shop on level 2 of the Orcish Mines)
 20209 | Orc:2    | Found a staircase to the Elven Halls.
 21429 | Lair:1   | Noticed Urug
 21431 | Lair:1   | Noticed Sonja
 21498 | Lair:1   | Killed Sonja
 21500 | Lair:1   | Killed Urug
 22647 | Lair:2   | Gained mutation: Your large and strong wings let you fly.
                  | [Gargoyle growth]
 22647 | Lair:2   | Reached XP level 14. HP: 52/84 MP: 20/20
 23348 | Lair:2   | Noticed Erica
 23355 | Lair:2   | Killed Erica
 23439 | Lair:2   | Found a runed translucent door.
 23448 | Lair:2   | You are sucked into a shaft and drop 2 floors!
 24146 | Lair:2   | Identified the +9 whip of Kyrole {elec, *Slow +Blink Will+
                  | Str+3}
 24149 | Lair:2   | Identified the +2 hat of Noughts and Crosses {+Inv Dex+3}
 24151 | Lair:2   | Found a runed translucent gate.
 24151 | Lair:2   | Found a runed translucent gate.
 24151 | Lair:2   | Found a runed translucent gate.
 24151 | Lair:2   | Found a runed translucent gate.
 24151 | Lair:2   | Found a runed translucent gate.
 24151 | Lair:2   | Found a runed translucent gate.
 24680 | D:10     | Acquired a +4 ring of protection
 24800 | Lair:3   | Found a hole to the Spider Nest.
 24947 | Lair:3   | Found a staircase to the Shoals.
 25420 | Lair:5   | Entered Level 5 of the Lair of Beasts
 25489 | Lair:4   | Found a one-way gate to the infinite horrors of the Abyss.
 25490 | Lair:4   | Found a corrupted altar of Lugonu.
 25690 | Lair:4   | Reached skill level 10 in Axes
 26273 | Lair:4   | Reached skill level 10 in Invocations
 26300 | Lair:4   | Reached XP level 15. HP: 70/89 MP: 22/22
 26461 | Lair:5   | Found a staircase to the Slime Pits.
 26746 | Lair:5   | Reached ****** piety under Qazlal
 27778 | D:12     | Identified the amulet "Kyavat" {rN+++ Regen+ MP-9}
 29531 | D:14     | Found a gate to the Vaults.
 29656 | D:14     | Reached XP level 16. HP: 85/96 MP: 24/24
 29741 | D:14     | Noticed a sphinx
 29747 | D:14     | Killed a sphinx
 29779 | D:15     | Entered Level 15 of the Dungeon
 30170 | D:14     | Identified the +7 rapier of Evisceration {antimagic, rElec
                  | rC+ Will+}
 30415 | D:14     | Got the Directory of the Kinetic Swarm
 30653 | D:14     | Found a shimmering blue altar of Sif Muna.
 30886 | D:15     | Found a white marble altar of Elyvilon.
 31067 | D:15     | Noticed Louise
 31134 | Abyss:3  | Cast into level 3 of the Abyss (Louise)
 31157 | Abyss:3  | Noticed a bone dragon
 31218 | Abyss:3  | Noticed a bone dragon
 31237 | Abyss:3  | Killed a bone dragon
 31398 | Abyss:3  | Gained mutation: You are dopey. (Int -2) [a neqoxec]
 31406 | Abyss:3  | Noticed a tentacled starspawn
 31417 | Abyss:3  | Killed a tentacled starspawn
 31423 | D:15     | Escaped the Abyss
 31486 | D:15     | Killed Louise
 31600 | D:15     | Found a staircase to the Depths.
 31674 | D:15     | Reached skill level 10 in Evocations
 31677 | D:15     | Reached skill level 10 in Fighting
 32233 | Shoals:1 | Entered Level 1 of the Shoals
 32246 | Shoals:1 | Reached XP level 17. HP: 102/102 MP: 16/25
 32413 | Shoals:1 | Found Vuygh's Vocational Training.
 32436 | Shoals:1 | Bought a manual of Invocations for 1120 gold pieces
 32441 | Shoals:1 | Identified the +1 helmet of the Dragonfruit {Regen+ MP+9}
 32821 | Shoals:2 | Reached skill level 15 in Axes
 34247 | Shoals:3 | Noticed a kraken
 34255 | Shoals:3 | Killed a kraken
 34268 | Shoals:3 | Reached skill level 10 in Shields
 34324 | Shoals:4 | Entered Level 4 of the Shoals
 35325 | Shoals:4 | Reached skill level 10 in Armour
 35360 | Shoals:4 | Noticed a sphinx
 35382 | Shoals:4 | Killed a sphinx
 35500 | Shoals:4 | Reached XP level 18. HP: 108/108 MP: 28/28
 35628 | Shoals:4 | Paralysed by a sphinx for 3 turns
 35664 | Shoals:4 | Got a barnacled rune of Zot
 35709 | Shoals:4 | Got Sif Muna's Meditations on Transformation
 36292 | Spider:1 | Entered Level 1 of the Spider Nest
 38007 | Spider:2 | Found a large runed translucent door.
 38007 | Spider:2 | Found a large runed translucent door.
 38010 | Spider:2 | Noticed Kusoirgh's ghost (adept MiBe)
 38043 | Spider:2 | Killed Kusoirgh's ghost
 38586 | Spider:3 | Noticed Donald
 38612 | Spider:2 | Killed Donald
 38719 | Spider:4 | Entered Level 4 of the Spider Nest
 38723 | Spider:3 | Reached skill level 15 in Invocations
 39136 | Spider:3 | Reached XP level 19. HP: 107/116 MP: 30/30
 39442 | Spider:4 | Identified Roxanne's Quarto of Transformation
 39442 | Spider:4 | Noticed Roxanne
 39823 | Spider:4 | Got a gossamer rune of Zot
 40488 | Spider:4 | Killed Roxanne
 40801 | Elf:1    | Entered Level 1 of the Elven Halls
 40827 | Elf:1    | Paralysed by an air elemental for 1 turns
 41645 | Elf:2    | Paralysed by an air elemental for 1 turns
 41740 | Elf:2    | Found Cimiwow's Assorted Antiques.
 41740 | Elf:2    | Found Jiosuz's Jewellery Shop.
 41743 | Elf:1    | Paralysed by an air elemental for 1 turns
 41803 | Elf:2    | Noticed a Tzitzimitl
 42387 | Shoals:1 | Bought a manual of Evocations for 1120 gold pieces
 42670 | Elf:2    | Bought a scroll labelled BEMUATR KIXIM for 22 gold pieces
 42919 | Elf:2    | Reached XP level 20. HP: 120/124 MP: 32/32
 42954 | Elf:2    | Found a huge runed translucent gate.
 42954 | Elf:2    | Found a huge runed translucent gate.
 42959 | Elf:2    | Found a huge runed translucent gate.
 42960 | Elf:2    | Found a huge runed translucent gate.
 42961 | Elf:2    | Found a huge runed translucent gate.
 43026 | Elf:2    | Paralysed by an air elemental for 1 turns
 43037 | Elf:2    | Paralysed by an air elemental for 1 turns
 43049 | Elf:2    | Found Vecw's Book Shoppe.
 43798 | Elf:3    | Entered Level 3 of the Elven Halls
 43864 | Elf:3    | Identified the +9 long sword of Welfare {flame, Str+7
                  | Int+2}
 44132 | Abyss:3  | Cast into level 3 of the Abyss (a deep elf sorcerer)
 44236 | Abyss:3  | Gained mutation: You have hidden genetic defects. [a
                  | neqoxec]
 44320 | Abyss:3  | Found a sparkling altar of Nemelex Xobeh.
 44392 | Abyss:3  | Reached skill level 15 in Shields
 44493 | Elf:3    | Escaped the Abyss
 44495 | Elf:3    | Paralysed by an air elemental for 1 turns
 44680 | D:10     | Lost mutation: You have hidden genetic defects. [potion of
                  | mutation]
 44680 | D:10     | Lost mutation: You are dopey. (Int -2) [potion of mutation]
 44680 | D:10     | Gained mutation: You have hidden genetic defects. [potion
                  | of mutation]
 44680 | D:10     | Lost mutation: You have hidden genetic defects. [potion of
                  | mutation]
 44680 | D:10     | Gained mutation: You are agile. (Dex +4, Str/Int -1)
                  | [potion of mutation]
 44848 | Elf:3    | Paralysed by an air elemental for 1 turns
 44853 | Elf:2    | Paralysed by an air elemental for 1 turns
 45130 | Elf:3    | Identified the ring "Zuezoll" {Wiz rCorr Str+2 Slay+3}
 45132 | Elf:3    | Identified the +1 robe of the Armoured One {+Inv Int+7}
 45391 | Elf:3    | Reached XP level 21. HP: 118/132 MP: 31/34
 45817 | Elf:3    | Identified the +1 robe of Ethereal Satisfaction {*Slow
                  | Str+2 SInv}
 45836 | Elf:3    | Got Asmodeus's Compendium of the Salvo
 45874 | Elf:3    | Identified the ring "Rowuol" {rC+ SInv}
 46394 | D:10     | Acquired a manual of Throwing
 46518 | Vaults:1 | Entered Level 1 of the Vaults
 46518 | Vaults:1 | Found Xidiwif's General Store.
 46750 | Vaults:1 | Found a flickering gateway to a bazaar.
 46771 | Bazaar   | Entered a bazaar
 46780 | Bazaar   | Found Cetyi's Antique Weapon Shoppe.
 46791 | Bazaar   | Found Inofolaj's Antique Weapon Emporium.
 46810 | Bazaar   | Found Neluen's Antique Armour Shoppe.
 46821 | Bazaar   | Found Imagaj's Antique Armour Emporium.
 46826 | Bazaar   | Bought a distressingly furry helmet for 199 gold pieces
 46826 | Bazaar   | Identified the +1 helmet of Refuge {+Blink rElec Int-4
                  | Slay+6} (You bought it in a shop in a bazaar)
 46972 | Vaults:1 | Reached skill level 15 in Fighting
 47004 | Vaults:1 | Reached skill level 15 in Evocations
 47380 | Vaults:1 | Identified the ring "Warrorac" {rElec rC- Int+6 Stlth+}
 47480 | Vaults:1 | Reached skill level 5 in Dodging
 47636 | Vaults:1 | Found Xaput's Weapon Shoppe.
 47804 | Vaults:1 | Bought a scroll of blinking for 75 gold pieces
 47895 | Vaults:2 | Found Peklyaw's Magic Scroll Boutique.
 47974 | Vaults:2 | Found a magical portal.
 48062 | WizLab   | Entered Alistair's Party Mansion
 48077 | Abyss:3  | Cast into level 3 of the Abyss (a wizard)
 48083 | Abyss:3  | Found a corrupted altar of Lugonu.
 48092 | Abyss:3  | Found a radiant altar of Vehumet.
 48241 | WizLab   | Escaped the Abyss
 48476 | Abyss:3  | Cast into level 3 of the Abyss (a deep elf sorcerer)
 48505 | Abyss:3  | Noticed a dread lich
 48527 | Abyss:3  | Killed a dread lich
 48528 | Abyss:3  | Reached XP level 22. HP: 138/141 MP: 18/35
 48652 | Abyss:3  | Reached skill level 5 in Stealth
 48814 | WizLab   | Escaped the Abyss
 49122 | WizLab   | Got Hiloh's Secrets of Transforming Pollution
 49128 | WizLab   | Reached XP level 23. HP: 147/147 MP: 32/36
 49418 | D:10     | Acquired 772 gold pieces
 49684 | Vaults:2 | Paralysed by a sphinx for 2 turns
 49802 | Vaults:2 | Found a staircase to the Crypt.
 49962 | Vaults:2 | Found the +9 heavy crossbow "Sniper" {vorpal, Acc+∞ SInv}
 49968 | Vaults:2 | Found the +8 longbow "Zephyr" {speed, Dex+3 SInv}
 50213 | Vaults:2 | Acquired a manual of Fighting
 50408 | Vaults:2 | Bought a scroll of teleportation for 51 gold pieces
 50408 | Vaults:2 | Bought a scroll of enchant armour for 127 gold pieces
 50408 | Vaults:2 | Bought a scroll of blinking for 127 gold pieces
 50408 | Vaults:2 | Bought a scroll of magic mapping for 127 gold pieces
 51202 | Vaults:3 | Identified the +1 dagger of Magnificence {vamp, rF+}
 53123 | Vaults:4 | Noticed Mennas
 53150 | Vaults:3 | Killed Mennas
 54061 | Vaults:4 | Reached XP level 24. HP: 159/159 MP: 14/36
 54826 | Vaults:5 | Entered Level 5 of the Vaults
 55159 | Vaults:5 | Noticed a dread lich
 55164 | Vaults:5 | HP: 4/161 [stone giant (25)]
 55207 | Vaults:5 | Killed a dread lich
 55290 | Vaults:5 | Noticed a dread lich
 55299 | Vaults:5 | Paralysed by something for 3 turns
 55304 | Vaults:5 | Paralysed by something for 2 turns
 55317 | Vaults:5 | Paralysed by something for 4 turns
 55321 | Vaults:5 | Killed a dread lich
 55354 | Vaults:5 | Noticed an ancient lich
 55378 | Vaults:5 | Killed an ancient lich
 55412 | Vaults:5 | Noticed an ancient lich
 55427 | Vaults:4 | Killed an ancient lich
 55428 | Vaults:4 | Reached XP level 25. HP: 167/169 MP: 1/37
 55850 | Vaults:5 | Got the Lectures on the Pyromaniac and Glamour
 56071 | Vaults:5 | Identified the +0 plate armour "Gaetote" {Harm Int+5}
 56502 | Vaults:5 | Found the +9 staff of Wucad Mu {*channel}
 56529 | Vaults:5 | Got a silver rune of Zot
 56817 | Vaults:5 | Identified the +4 great sword of Sinoimor {vorpal, rC+}
 57447 | Slime:1  | Entered Level 1 of the Pits of Slime
 57987 | Slime:4  | Found a viscous altar of Jiyva.
 58308 | Slime:5  | Entered Level 5 of the Pits of Slime
 58661 | Slime:5  | Noticed the Royal Jelly
 58661 | Slime:5  | Paralysed by a floating eye for 3 turns
 58690 | Slime:5  | Killed the Royal Jelly
 58992 | Slime:5  | Identified the +1 plate armour of Gestures {Str+3 Dex+2}
 59017 | Slime:5  | Got a slimy rune of Zot
 59038 | Slime:5  | Identified the +4 plate armour of Arghoczy {Harm rElec
                  | rCorr Dex-3}
 59752 | Depths:1 | Entered Level 1 of the Depths
 59766 | Depths:1 | Found a gateway to Hell.
 59934 | Depths:1 | Noticed Bai Suzhen
 59944 | Depths:1 | Killed Bai Suzhen
 60219 | Depths:1 | Found a radiant altar of Vehumet.
 60962 | Depths:2 | Noticed Asterion
 60974 | Depths:1 | Killed Asterion
 61262 | Depths:2 | Noticed Aizul
 61290 | Depths:2 | Killed Aizul
 61489 | Depths:2 | Reached XP level 26. HP: 161/179 MP: 23/37
 61829 | Depths:2 | Found a one-way gate leading to the halls of Pandemonium.
 62495 | Depths:2 | Found a transporter.
 62499 | Depths:2 | Found a transporter.
 62530 | Depths:2 | Gained mutation: You are vulnerable to heat. (rF-) [a
                  | shining eye]
 62575 | Depths:2 | Identified the ring "Irphoippi" {Wiz Drain rPois Str+2
                  | Int+4}
 63065 | D:10     | Lost mutation: You are vulnerable to heat. (rF-) [potion of
                  | mutation]
 63065 | D:10     | Lost mutation: You are agile. (Dex +4, Str/Int -1) [potion
                  | of mutation]
 63065 | D:10     | Gained mutation: You are agile. (Dex +4, Str/Int -1)
                  | [potion of mutation]
 63065 | D:10     | Gained mutation: You are frail. (-10% HP) [potion of
                  | mutation]
 63065 | D:10     | Gained mutation: You have a pair of small antennae on your
                  | head. [potion of mutation]
 63066 | D:10     | Lost mutation: You are agile. (Dex +4, Str/Int -1) [potion
                  | of mutation]
 63066 | D:10     | Lost mutation: You are frail. (-10% HP) [potion of
                  | mutation]
 63066 | D:10     | Lost mutation: You have a pair of small antennae on your
                  | head. [potion of mutation]
 63066 | D:10     | Gained mutation: Your body sometimes deteriorates upon
                  | taking damage. [potion of mutation]
 63066 | D:10     | Gained mutation: You are agile. (Dex +4, Str/Int -1)
                  | [potion of mutation]
 63066 | D:10     | Gained mutation: You have hidden genetic potential. [potion
                  | of mutation]
 63418 | Depths:4 | Entered Level 4 of the Depths
 63709 | Depths:3 | Reached skill level 10 in Dodging
 64173 | Depths:3 | Found Duacra Woefa's Assorted Antiques.
 64181 | Depths:3 | Bought a scroll of blinking for 270 gold pieces
 64181 | Depths:3 | Bought a lumpy lapis lazuli amulet for 180 gold pieces
 65373 | Depths:4 | Found a one-way gateway to a ziggurat.
 65463 | Depths:4 | Found Jiadacul's Magic Scroll Shop.
 65469 | Depths:4 | Bought a scroll of silence for 171 gold pieces
 65573 | Depths:4 | Found an opulent altar of Gozag.
 65953 | Depths:4 | Found a gate to the Realm of Zot.
 66399 | Abyss:4  | Cast into level 4 of the Abyss (unwielding a weapon of
                  | distortion)
 66405 | Abyss:4  | Found a snail-covered altar of Cheibriados.
 66408 | Abyss:4  | Gained mutation: You are dopey. (Int -2) [mutagenic glow]
 66421 | Abyss:4  | Reached XP level 27. HP: 165/186 MP: 19/38
 66428 | Abyss:4  | Gained mutation: Potions are less effective at restoring
                  | your health. [mutagenic glow]
 66448 | Abyss:4  | Gained mutation: You are extremely frail. (-30% HP)
                  | [mutagenic glow]
 66463 | Abyss:4  | Found a snail-covered altar of Cheibriados.
 66469 | Abyss:4  | Gained mutation: Armour fits poorly on your strangely
                  | shaped body. [mutagenic glow]
 66483 | Abyss:4  | Gained mutation: You are very dopey. (Int -4) [mutagenic
                  | glow]
 66498 | Abyss:4  | Found a snail-covered altar of Cheibriados.
 66547 | Abyss:4  | Gained mutation: You are very agile. (Dex +8, Str/Int -2)
                  | [a neqoxec]
 66568 | Lair:1   | Escaped the Abyss
 66598 | D:10     | Lost mutation: You are very dopey. (Int -4) [potion of
                  | mutation]
 66598 | D:10     | Lost mutation: You are dopey. (Int -2) [potion of mutation]
 66598 | D:10     | Lost mutation: You have hidden genetic potential. [potion
                  | of mutation]
 66598 | D:10     | Gained mutation: You expend magic power (3 MP) to
                  | strengthen your wands. [potion of mutation]
 66599 | D:10     | Lost mutation: Your body sometimes deteriorates upon taking
                  | damage. [potion of mutation]
 66599 | D:10     | Lost mutation: You expend magic power (3 MP) to strengthen
                  | your wands. [potion of mutation]
 66599 | D:10     | Gained mutation: You expend magic power (3 MP) to
                  | strengthen your wands. [potion of mutation]
 66599 | D:10     | Gained mutation: You occasionally lose the ability to read
                  | scrolls when taking damage. [potion of mutation]
 66600 | D:10     | Lost mutation: Potions are less effective at restoring your
                  | health. [potion of mutation]
 66600 | D:10     | Lost mutation: Armour fits poorly on your strangely shaped
                  | body. [potion of mutation]
 66600 | D:10     | Gained mutation: Your magical capacity is low. (-10% MP)
                  | [potion of mutation]
 66600 | D:10     | Gained mutation: You passively map a small area around you.
                  | [potion of mutation]
 66601 | D:10     | Lost mutation: You passively map a small area around you.
                  | [potion of mutation]
 66601 | D:10     | Lost mutation: You expend magic power (3 MP) to strengthen
                  | your wands. [potion of mutation]
 66601 | D:10     | Gained mutation: You are partially covered in iridescent
                  | scales. (AC +2) [potion of mutation]
 66602 | D:10     | Lost mutation: You are frail. (-10% HP) [potion of
                  | mutation]
 66602 | D:10     | Lost mutation: Your magical capacity is low. (-10% MP)
                  | [potion of mutation]
 66602 | D:10     | Gained mutation: You are vulnerable to cold. (rC-) [potion
                  | of mutation]
 66603 | D:10     | Lost mutation: You are partially covered in iridescent
                  | scales. (AC +2) [potion of mutation]
 66603 | D:10     | Lost mutation: You are vulnerable to cold. (rC-) [potion of
                  | mutation]
 66603 | D:10     | Lost mutation: You occasionally lose the ability to read
                  | scrolls when taking damage. [potion of mutation]
 66603 | D:10     | Gained mutation: Your mind is acute. (Int +4, Str/Dex -1)
                  | [potion of mutation]
 66603 | D:10     | Gained mutation: Your movements are slightly less
                  | encumbered by armour. (ER -2) [potion of mutation]
 66824 | Hell     | Entered the Vestibule of Hell
 66824 | Hell     | Noticed Geryon
 66829 | Hell     | Noticed Murray
 66866 | Depths:1 | Killed Murray
 67438 | Hell     | Killed Geryon
 67896 | Hell     | Found a gateway to the freezing wastes of Cocytus.
 67950 | Hell     | Found a gateway to the decaying netherworld of Tartarus.
 68186 | Hell     | Found a gateway to the Iron City of Dis.
 68288 | Hell     | Found a gateway to the ashen valley of Gehenna.
 68591 | D:11     | You paid a toll of +3 gold dragon scales to enter a
                  | treasure trove
 68592 | Trove    | Entered a treasure trove
 68607 | Trove    | Identified the amulet "Alabam" {Acrobat Str+3}
 68609 | Trove    | Identified the ring "Uraha" {rF+ Str+4}
 68611 | Trove    | Identified the ring "Koawn" {rF+ rC- Int+6 Dex+4}
 68613 | Trove    | Identified the ring of Harmony {rPois EV+4 Int+4}
 68615 | Trove    | Identified the amulet of the Gloaming {Acrobat Harm rN+
                  | Will+ Int+3 Stlth+}
 68617 | Trove    | Identified the amulet "Jod Zolebi" {Spirit Str+3}
 68621 | Trove    | Identified the amulet of the Catfish {Acrobat rElec rCorr
                  | Str-3 Int+3}
 68865 | Tar:1    | Entered Level 1 of Tartarus
 70613 | Tar:3    | You are sucked into a shaft and drop 3 floors!
 70617 | Tar:6    | Noticed a dread lich
 70623 | Tar:6    | Paralysed by something for 4 turns
 70634 | Tar:6    | Killed a dread lich
 71202 | Tar:7    | Entered Level 7 of Tartarus
 72657 | Tar:7    | Identified the ring "Ysaisil" {*Slow rF+ rN+ Dex+6}
 73161 | Tar:7    | Noticed Ereshkigal
 73166 | Tar:7    | Noticed the Serpent of Hell
 73189 | Tar:7    | Paralysed by Ereshkigal for 4 turns
 73192 | Tar:7    | HP: 6/192 [Tzitzimitl (7)]
 73192 | Tar:7    | HP: 2/192 [Tzitzimitl[Ereshkigal] (4)]
 73192 | Tar:7    | Mangled by a Tzitzimitl

Illustrated notes

Levels and vault maps discovered:
D:1:      nicolae_arrival_memento_mori, layout_basic
D:2:      layout_loops_cross, basic_altar, uniq_sigmund, uniq_terence
D:3:      layout_loops_corners, gammafunk_temple_overflow_forgotten,
          mainiacjoe_overflow_small_starburst
D:4:      layout_basic
D:5:      layout_basic, minmay_temple_entry_glass,
          chequers_serial_rivers_micro_c, uniq_menkaure, uniq_eustachio
D:6:      minmay_flawed_box, layout_loops_ring, hangedman_decor_points,
          grunt_ministairs_3, minmay_misc_feat_five, uniq_grinder
D:7:      layout_rooms, nicolae_ossuary_entry_catacombs, minivault_1, uniq_pikel
D:8:      layout_loops_ring, gammafunk_temple_overflow_wave
D:9:      layout_long_grid, david_orc_4, serial_shops,
          nicolae_shop_advertising_works [nicolae_subvault_shop_adworks],
          columned_hall_lemuel, serial_bayou_crossing
D:10:     layout_loops_corners, lair_entry_dummy, nicolae_stop_n_shop_1,
          chequers_decorated_corner, nicolae_diode_basic, uniq_maurice
D:11:     layout_irregular_city, nicolae_trove_entry_path_of_doom
D:12:     lemuel_castle_with_subvaults [lemuel_castle_interior_original],
          layout_irregular_city, serial_shops, nicolae_shop_hallway_stairs,
          gauntlet_entry_generic, grunt_decor_mini_mirrors
D:13:     layout_roguey
D:14:     minmay_swirls_squares, layout_basic, grunt_vaults_entry_fortified,
          serial_glass, glass_columns_a, glass_columns_b, serial_bayou_pond_c,
          tgw_sif
D:15:     hangedman_depths_entry_civil_slaughter, layout_basic,
          small_statue_alley_a, st_stairs_8, nicolae_elyvilon_peaceful_grove,
          uniq_louise
Temple:   nicolae_temple_slightly_damp_pantheon
Lair:1:   layout_small_grid, minivault_25, minmay_lair_oklob_bushes,
          grunt_megastairs_3, uniq_urug, uniq_sonja
Lair:2:   gammafunk_indiana_jones, layout_cave_pods, lemuel_old_faithful,
          uniq_erica
Lair:3:   layout_small_grid, minmay_shoals_entry_lonely_mermaid,
          nicolae_spider_entry_non_spiders, beast_lair_carwin_8
Lair:4:   layout_loops_ring, amcnicky_altar_lugonu_corruption
Lair:5:   minmay_lair_end_frog_pond, layout_regular_city,
          minmay_slime_entry_pillars, grunt_megastairs_1
Shoals:1: layout_shoals, nicolae_shop_vocational
Shoals:2: layout_shoals, overgrown_hall
Shoals:3: layout_shoals, nicolae_shoals_arrival_archipelago
Shoals:4: shoals_end_hellmonk_lost_city
Spider:1: nicolae_spider_mines_3, nicolae_spider_webbed_stairs
Spider:2: layout_spider_delve, ebering_ghost_disaster_area
Spider:3: layout_spider_delve, uniq_donald
Spider:4: hellmonk_spider_rune_bug_friends, uniq_roxanne
Slime:1:  layout_caves
Slime:2:  layout_caves
Slime:3:  cheibrodos_slime_lost_civilization_9, layout_caves
Slime:4:  layout_caves, basic_altar, nicolae_slime_welcoming_committee
Slime:5
Orc:1:    layout_caves
Orc:2:    grunt_orc_gardens, layout_diamond_mine, grunt_orc_garden,
          grunt_orc_garden, grunt_orc_garden, grunt_orc_garden
Elf:1:    eino_elf_arrival_sip, layout_loops_cross,
          hangedman_elven_crosses_minicolossus
Elf:2:    elven_hall_of_blades_hangedman_alternative
          [nicolae_vaults_blade_armed_guards], layout_geoelf_octagon,
          serial_shops, shop_statue, nicolae_shop_crystal, nicolae_stop_n_shop_1
Elf:3:    minmay_elf_hall_quartered_circle, layout_gridlike
Vaults:1: ontoclasm_vaults_decontamination, hangedman_vaults_hat,
          nicolae_vaults_ninety_degrees, grunt_vaults_trifunnel,
          dpeg_vaults_waves, grunt_vaults_funnel, v_misc_30,
          nicolae_vaults_triangles, grunt_vaults_hallway_long,
          layout_vaults_ring, serial_shops, bzr_entry_islet,
          nicolae_shop_bloodbath_and_beyond, shop
Vaults:2: infiniplex_enter_wizlab_water, nicolae_vaults_little_squares_1,
          hangedman_vaults_maws, v_rooms_4, vaults_mumra_minichess,
          ontoclasm_vaults_fault, hangedman_vaults_maws,
          nicolae_vaults_shelves_hall, nicolae_vaults_yaktaur_gun_rack,
          layout_vaults_quadrants, dummy_crypt_entry, serial_shops,
          nicolae_shop_waterfront
Vaults:3: hangedman_vaults_restitches, v_misc_30, ontoclasm_vaults_pinch,
          hangedman_vaults_snaps, nicolae_vaults_circle_grid_b,
          vaults_room_large_hall, v_misc_17, nicolae_vaults_little_ls,
          layout_vaults_chaotic_city
Vaults:4: hangedman_vaults_corner, vaults_room_door_ring, v_misc_27,
          v_pattern_4, v_alt_pattern_6, nicolae_vaults_bisected_inception,
          nicolae_vaults_display_case, vaults_dpeg_ring, vaults_room_large_hall,
          hangedman_vaults_restitches, ontoclasm_vaults_ring_square, v_misc_2,
          layout_vaults_maze_bifur, uniq_mennas
Vaults:5
Depths:1: layout_gridlike, serial_sigils_hangedman_scratch,
          pf_vacation_house_of_asmodeus, fiery_altar_vehumet,
          grunt_megastairs_4, uniq_bai_suzhen
Depths:2: gammafunk_jiyva_shrine, layout_gridlike, hex_intersection,
          abyss_entry, hellmouth_3, rand_demon_pan_entry_3, uniq_asterion,
          uniq_aizul
Depths:3: minmay_bubble_buster, layout_basic, hell_entry, serial_shops, shop,
          pan_entry, abyss_entry
Depths:4: grunt_zot_entry_gee_three, layout_gridlike, enter_ziggurat_d,
          pf_coc_iceberg, nicolae_gozag_seed_capital, serial_shops, shop_scrolls
Hell
Tar:1:    layout_grid_maze, nicolae_tar_honey_rotating
Tar:2:    layout_catacombs, nicolae_tar_combbox
Tar:3:    layout_catacombs
Tar:6:    layout_honeycomb, nicolae_tar_cuneiform_bird
Tar:7:    tar_minmay_river

Skill      XL: |  1  2  3  4  5  6  7  8  9 10 11 12 13 14 15 16 17 18 19 20 21 22 23 24 25 26 27 |
---------------+----------------------------------------------------------------------------------+-----
Axes           | 3 4 5 6 7 10 12 14 15 16 | 16.1
Armour         | 1 3 4 5 6 7 8 9 10 11 12 13 | 13.4
Fighting       | 3 4 5 7 8 9 10 12 13 14 15 16 18 20 21 22 24 | 24.5
Throwing       | 2 3 4 |  4.7
Dodging        | 3 4 5 6 8 9 10 12 | 12.3
Maces & Flails | 3 7 10 12 13 14 | 14.4
Invocations    | 3 4 5 6 7 9 10 11 13 15 16 18 19 20 21 22 23 | 23.2
Stealth        | 1 2 3 4 5 6 |  6.1
Evocations     | 2 3 4 5 6 7 8 9 10 11 12 14 15 16 17 18 20 | 20.0
Shields        | 1 2 4 5 6 8 9 10 12 14 15 16 17 18 19 21 23 24 | 24.8

Action                   |  1- 3 |  4- 6 |  7- 9 | 10-12 | 13-15 | 16-18 | 19-21 | 22-24 | 25-27 || total
-------------------------+-------+-------+-------+-------+-------+-------+-------+-------+-------++-------
Melee: War axe           |   102 |   120 |    88 |       |       |       |       |       |       ||   310
       Punch             |       |     3 |     2 |     8 |       |       |       |       |       ||    13
       Morningstar       |       |       |   278 |   711 |   117 |     5 |       |       |       ||  1111
       Broad axe         |       |       |       |       |   633 |  1099 |  1348 |   849 |  1956 ||  5885
Throw: Javelin           |     2 |     1 |     2 |     3 |       |       |       |       |       ||     8
       Throwing net      |     1 |     2 |     2 |       |       |       |       |       |       ||     5
       Dart              |       |       |     3 |    12 |     4 |       |       |       |       ||    19
       Boomerang         |       |       |     9 |       |    10 |    43 |    31 |     4 |     5 ||   102
Invok: Elemental Force   |       |       |       |     5 |     6 |    10 |    12 |     5 |    10 ||    48
       Upheaval          |       |       |       |     2 |     1 |     6 |     6 |     1 |     2 ||    18
       Disaster Area     |       |       |       |       |       |       |       |     1 |     1 ||     2
 Abil: Evoke Blink       |       |       |       |       |       |     1 |       |       |       ||     1
Evoke: Wand              |       |       |     1 |       |     1 |     1 |       |       |     2 ||     5
       Phantom mirror    |       |       |       |     1 |       |       |       |       |     2 ||     3
       Box of beasts     |       |       |       |       |     1 |     1 |       |       |       ||     2
       Tin of tremorston |       |       |       |       |     2 |     5 |     2 |     1 |     6 ||    16
       Condenser vane    |       |       |       |       |       |     1 |     1 |     1 |     4 ||     7
       Horn of Geryon    |       |       |       |       |       |       |       |       |     2 ||     2
  Use: Scroll            |     2 |     2 |    12 |    10 |     4 |     4 |    15 |     6 |     5 ||    60
       Potion            |     1 |     1 |     4 |     3 |     1 |       |     4 |     4 |    10 ||    28
 Stab: Sleeping          |     1 |       |       |       |       |       |       |       |       ||     1
       Held in net/web   |       |       |     1 |       |       |       |       |       |       ||     1
       Paralysed         |       |       |       |     2 |     2 |     8 |     5 |     3 |     7 ||    27
       Distracted        |       |       |       |     1 |       |       |     1 |       |     7 ||     9
       Confused          |       |       |       |       |       |       |     1 |       |       ||     1
Armor: Leather armour    |    47 |    10 |       |       |       |       |       |       |       ||    57
       Plate armour      |       |    68 |   484 |   404 |   451 |   786 |   723 |       |       ||  2916
       Troll leather arm |       |       |       |       |       |       |   145 |   469 |   981 ||  1595
Dodge: Dodged            |    62 |    50 |   233 |   172 |   183 |   378 |   448 |   318 |   854 ||  2698
       Repelled          |       |       |       |     1 |     7 |    10 |    34 |     7 |    26 ||    85
Block: Other             |       |       |    12 |   144 |       |       |       |       |       ||   156
       Reflection        |       |       |       |    11 |    35 |    96 |   130 |    48 |    26 ||   346
       Kite shield       |       |       |       |   169 |  1029 |    20 |       |       |       ||  1218
       Buckler           |       |       |       |    11 |       |  1099 |  1197 |   801 |  1794 ||  4902

Table legend: (Time is in decaauts)
 A = Elapsed time spent in this place.
 B = Non-inter-level travel time spent in this place.
 C = Inter-level travel time spent in this place.
 D = Time resting spent in this place.
 E = Time spent auto-exploring this place.
 F = Levels seen in this place.
 G = Mean time per level.
                   A        B        C        D        E       F      G
               +--------+--------+--------+--------+--------+-----+--------+
         Total |  72638 |  66367 |   6271 |  10029 |  29859 |  64 | 1135.0 |
       Dungeon |  23261 |  20509 |   2752 |   4308 |   8572 |  15 | 1550.7 |
        Temple |    292 |    292 |      0 |    236 |     14 |   1 |  292.0 |
          Lair |   7672 |   6502 |   1170 |    416 |   3696 |   5 | 1534.4 |
        Shoals |   3651 |   3375 |    276 |     34 |   1766 |   4 |  912.8 |
   Spider Nest |   4096 |   3651 |    445 |    141 |   1909 |   4 | 1024.0 |
    Slime Pits |   2030 |   2030 |      0 |    978 |    341 |   5 |  406.0 |
  Orcish Mines |   3581 |   3222 |    359 |   1178 |    459 |   2 | 1790.5 |
   Elven Halls |   4469 |   4068 |    401 |    220 |   1306 |   3 | 1489.7 |
        Vaults |   8796 |   8264 |    532 |    683 |   4848 |   5 | 1759.2 |
        Depths |   6868 |   6601 |    267 |    891 |   4191 |   4 | 1717.0 |
          Hell |    837 |    795 |     42 |      0 |    521 |   1 |  837.0 |
      Tartarus |   4126 |   4104 |     22 |    739 |   2128 |   5 |  825.2 |
         Abyss |   1188 |   1188 |      0 |      0 |      7 |   5 |  237.6 |
        Bazaar |     81 |     81 |      0 |      0 |      0 |   1 |   81.0 |
         Trove |     49 |     49 |      0 |      0 |      0 |   1 |   49.0 |
       Ossuary |    474 |    474 |      0 |     36 |      0 |   1 |  474.0 |
        Wizlab |    641 |    641 |      0 |      0 |    101 |   1 |  641.0 |
      Gauntlet |    517 |    517 |      0 |    169 |      0 |   1 |  517.0 |
               +--------+--------+--------+--------+--------+-----+--------+

Top non-repeatable levels by time:
     D:9: 2655 daAuts
    D:10: 2401 daAuts
Depths:1: 2361 daAuts
Vaults:3: 2184 daAuts
   Orc:1: 2168 daAuts
  Lair:1: 2140 daAuts
  Lair:2: 2131 daAuts
    D:12: 2085 daAuts
Vaults:4: 2078 daAuts
   Tar:7: 1890 daAuts
    D:14: 1792 daAuts
     D:8: 1758 daAuts
    D:11: 1713 daAuts
Depths:2: 1692 daAuts
     D:5: 1667 daAuts
